 Dungeon Crawl Stone Soup version 0.31-a0-532-g28f74ba3e5 (webtiles) character file.

Game seed: 11074151217140871053

885 RepHenryClay the Chopper (level 7, 0/50 HPs)
             Began as a Demonspawn Gladiator on Aug 13, 2023.
             Was a Follower of Okawaru.
             Slain by an ogre
             ... wielding a +0 giant club
              (21 damage)
             ... on level 6 of the Dungeon.
             The game lasted 00:07:43 (5205 turns).

RepHenryClay the Chopper (Demonspawn Gladiator)     Turns: 5205, Time: 00:07:43

Health: 0/50       AC: 11    Str: 12 (15) XL:     7   Next: 76%
Magic:  10/10      EV:  7    Int:  8 (9)  God:    Okawaru [*.....]
Gold:   310        SH:  4    Dex: 13 (16) Spells: 6/6 levels left

rFire   + . .        a - +0 war axe
rCold   . . .        (no shield)
rNeg    + . .        y - +2 chain mail {rF+}
rPois   .            c - +0 helmet
rElec   .            f - scarf {shadows}
rCorr   .            (no gloves)
SInv    .            (no boots)
Will    .....        B - amulet of the acrobat Stlth
                     I - ring of positive energy
HPRegen 0.28/turn    (no ring)
MPRegen 0.12/turn

%: acrobat
@: no status effects
A: large bone plates 1, demonic magic 1
a: Renounce Religion, Heroism


You were on level 6 of the Dungeon.
You worshipped Okawaru.
Okawaru was aware of your devotion.
You visited 1 branch of the dungeon, and saw 6 of its levels.

You collected 310 gold pieces.

Inventory:

Hand Weapons
 a - a +0 war axe (weapon)
Missiles
 d - 3 throwing nets
 e - a javelin
 M - 4 poisoned darts (quivered)
Armour
 b - a +0 leather armour
 c - a +0 helmet (worn)
 f - a scarf of shadows (worn)
 h - a +0 scale mail
 y - a +2 chain mail of fire resistance (worn)
 D - a +0 cloak
Jewellery
 k - an amulet of magic regeneration
 l - a ring of fire
 q - a +6 ring of intelligence
 t - a ring of fire
 B - an amulet of the acrobat (around neck)
 I - a ring of positive energy (left hand)
Wands
 x - a wand of polymorph (10)
Scrolls
 j - a scroll of blinking
 n - 4 scrolls of teleportation
 p - a scroll of amnesia {unknown}
 r - a scroll of fog {unknown}
 u - 2 scrolls of enchant armour {unknown}
 z - a scroll of summoning {unknown}
 E - a scroll of poison {unknown}
 G - a scroll of enchant weapon {unknown}
 H - 4 scrolls of silence {unknown}
 K - a scroll of noise {unknown}
 L - 2 scrolls of identify
Potions
 g - a potion of cancellation
 i - a potion of magic
 m - a potion of haste
 o - a potion of might
 s - a potion of resistance
 v - 2 potions of attraction
 w - a potion of curing
 A - a potion of degeneration
 C - a potion of lignification
 F - 2 potions of brilliance {unknown}
 J - a potion of heal wounds {unknown}


   Skills:
 - Level 2.0 Fighting
 + Level 6.7 Axes
 - Level 1.7 Throwing
 - Level 2.3 Armour
 - Level 3.8 Dodging
 - Level 5.0 Invocations


You had 6 spell levels left.
You didn't know any spells.
Your spell library contained the following spells:

 Spells                   Type           Power      Damage    Failure   Level
 Apportation              Tloc           0%         N/A       100%        1
 Foxfire                  Conj/Fire      0%         2x1d4     100%        1
 Alistair's Intoxication  Tmut/Pois      0%         N/A       100%        5
 Plasma Beam              Fire/Air       0%         2x1d10    100%        6
 Starburst                Conj/Fire      0%         6d3       100%        6


Dungeon Overview and Level Annotations

Branches:
Dungeon (6/15)
 Temple: D:4-7

Altars:
Nemelex Xobeh
Okawaru
Ru
Yredelemnul


Innate Abilities, Weirdness & Mutations

You are partially covered in large bone plates. (SH +4)
Spells you cast may paralyse adjacent enemies.


Message History

You kill the gnoll!
Okawaru accepts your kill.
You cannot move.
You start resting.
Your transformation is almost over.
You feel less wooden.
Your scarf of shadows unmelds from your body.
Your +0 helmet unmelds from your body.
Your +2 chain mail of fire resistance unmelds from your body.
It gets dark.
You feel resistant to fire.
You start resting.
HP restored.
Items here: )))) [ ††.
Found a hand axe.
You see here a +0 hand axe.
An ogre comes into view. It is wielding a +0 giant club.
The ogre shouts!
An ogre is nearby!
You slash the ogre!
The ogre is moderately wounded.
The ogre hits you with a +0 giant club!
Damage: -20%(-10hp) hp: 80%(40hp)
You barely miss the ogre.
The ogre is moderately wounded.
The ogre hits you with a +0 giant club.
Damage: -10%(-5hp) hp: 70%(35hp) Unknown command.
You slash the ogre!
The ogre is heavily wounded.
You block the ogre's attack.
You hit the ogre.
The ogre is heavily wounded.
You hit the ogre.
The ogre is severely wounded.
The ogre hits you with a +0 giant club!
Huge Dmg: -28%(-14hp) hp: 42%(21hp)
You hit the ogre but do no damage.
The ogre is severely wounded.
The ogre hits you with a +0 giant club!!
You die...

≈≈≈≈.#####......#
≈≈≈.#####......#
≈≈.....#...#.##
≈≈.....#####.#
≈.........)..# #
.......#########.#
.......# ...
.......######O#
#......##...@.#
#......##.#####
#.....)#..#
###......##
....###### .###


You could see an ogre.

Vanquished Creatures
  A water moccasin (D:5)
  2 phantoms
  3 scorpions
  3 hounds
  A gnoll bouda (D:6)
  Terence (D:3)
  2 iguanas
  10 gnolls
  7 adders
  A white imp (D:6)
  4 dart slugs
  8 orcs
  9 bats
  10 endoplasms
  A giant cockroach (D:4)
  9 goblins
  4 hobgoblins
  2 jackals (D:1)
  7 quokkas
  6 ball pythons
  A frilled lizard (D:2)
  7 kobolds
  6 rats
105 creatures vanquished.

Notes
Turn   | Place    | Note
-------+----------+-------------------------------------------
     0 | D:1      | RepHenryClay the Demonspawn Gladiator began the quest for
                  | the Orb.
     0 | D:1      | Reached XP level 1. HP: 16/16 MP: 1/1
   269 | D:1      | Reached skill level 3 in Axes
   272 | D:1      | Gained mutation: Spells you cast may paralyse adjacent
                  | enemies. [demonic ancestry]
   272 | D:1      | Reached XP level 2. HP: 20/22 MP: 2/2
   985 | D:1      | Reached XP level 3. HP: 27/27 MP: 3/3
  1255 | D:2      | Reached skill level 1 in Armour
  1758 | D:3      | Found a basalt altar of Yredelemnul.
  2000 | D:3      | Noticed Terence
  2092 | D:3      | Killed Terence
  2093 | D:3      | Reached XP level 4. HP: 28/33 MP: 4/4
  2186 | D:3      | Reached skill level 4 in Axes
  2279 | D:3      | Found a sparkling altar of Nemelex Xobeh.
  2360 | D:3      | Found a faded altar of an unknown god.
  2563 | D:3      | Found an iron altar of Okawaru.
  2653 | D:3      | Became a worshipper of Warmaster Okawaru
  2932 | D:4      | Gained mutation: You are partially covered in large bone
                  | plates. (SH +4) [demonic ancestry]
  2932 | D:4      | Reached XP level 5. HP: 20/38 MP: 5/5
  3256 | D:4      | Reached skill level 1 in Invocations
  3256 | D:4      | Reached XP level 6. HP: 33/44 MP: 6/6
  3392 | D:4      | Reached * piety under Okawaru
  3837 | D:4      | Reached skill level 5 in Invocations
  4011 | D:5      | Entered Level 5 of the Dungeon
  4124 | D:5      | Found a sacrificial altar of Ru.
  4153 | D:5      | Reached skill level 5 in Axes
  4153 | D:5      | Reached XP level 7. HP: 46/50 MP: 10/10
  4366 | D:5      | Reached skill level 6 in Axes
  5205 | D:6      | Slain by an ogre

Illustrated notes

Levels and vault maps discovered:
D:1:      saegor_arrival_simple_e, layout_loops_corners, chequers_arboretum
D:2:      kennysheep_six_static_rooms, layout_basic, minmay_misc_feat_room,
          minmay_tetromino_s2
D:3:      layout_basic, mainiacjoe_overflow_boulevard,
          mainiacjoe_overflow_alcove_1, lemuel_crystal_altar,
          shapermc_ecumenical_altar_rom_forum, nicolae_half_adder, uniq_terence
D:4:      layout_loops_ring
D:5:      layout_rooms, nicolae_ru_awakened_eye, lemuel_round_altar,
          serial_glass, glass_columns_a, glass_columns_a, glass_columns_b,
          glass_columns_a, glass_columns_b, glass_columns_a, glass_columns_c,
          glass_columns_a, minmay_strange_pillars, minmay_strange_pillars
D:6:      layout_basic, dancing_weapons_uskayaw, temple_pool_b

Skill      XL: |  1  2  3  4  5  6  7 |
---------------+----------------------+-----
Axes           | 3 4 5 6 |  6.7
Dodging        | 3 |  3.8
Armour         | 1 2 |  2.3
Invocations    | 1 5 |  5.0
Fighting       | |  2.0
Throwing       | |  1.7

Action                     |  1- 3 |  4- 6 |  7- 9 || total
---------------------------+-------+-------+-------++-------
  Melee: War axe           |   150 |   152 |   103 ||   405
         Punch             |     2 |     2 |     1 ||     5
  Throw: Dart              |       |       |     2 ||     2
 Invoke: Heroism           |       |     1 |       ||     1
  Evoke: Wand              |       |     3 |       ||     3
    Use: Potion            |       |     6 |     2 ||     8
         Scroll            |       |     4 |       ||     4
 Armour: Scale mail        |    63 |       |       ||    63
         Leather armour    |     4 |       |       ||     4
         Skin              |    12 |       |     4 ||    16
         Chain mail        |       |    84 |    36 ||   120
  Dodge: Dodged            |    92 |    77 |    49 ||   218
  Block: Other             |       |    24 |    15 ||    39

Table legend: (Time is in decaauts)
 A = Elapsed time spent in this place.
 B = Non-inter-level travel time spent in this place.
 C = Inter-level travel time spent in this place.
 D = Time resting spent in this place.
 E = Time spent auto-exploring this place.
 F = Levels seen in this place.
 G = Mean time per level.
                   A        B        C        D        E       F      G
               +--------+--------+--------+--------+--------+-----+--------+
         Total |   5287 |   5124 |    163 |    288 |   3831 |   6 |  881.2 |
       Dungeon |   5287 |   5124 |    163 |    288 |   3831 |   6 |  881.2 |
               +--------+--------+--------+--------+--------+-----+--------+

Top non-repeatable levels by time:
     D:3: 1260 daAuts
     D:1: 1146 daAuts
     D:4: 1013 daAuts
     D:5: 709 daAuts
     D:2: 651 daAuts
     D:6: 505 daAuts
